 Dungeon Crawl Stone Soup version 0.29-a0-184-g2ef5e920f0 (webtiles) character file.

583401 Impy the Acrobat (level 26, -9/180 HPs)
             Began as a Demonspawn Hunter on May 15, 2018.
             Was the Champion of Okawaru.
             Mangled by a green draconian (17 damage)
             ... on level 5 of the Realm of Zot on Feb 21, 2022.
             The game lasted 06:52:35 (62249 turns).

Impy the Acrobat (Demonspawn Hunter)               Turns: 62249, Time: 06:52:36

Health: -9/180     AC: 18    Str: 16    XL:     26   Next: 0%
Magic:  0/47       EV: 39    Int: 18    God:    Okawaru [******]
Gold:   7205       SH:  0    Dex: 26    Spells: 42/48 levels left

rFire   + . .      SeeInvis +   F - +1 demon trident "Turipime" {venom, Contam rC++ MP+9 Dex+4}
rCold   + + +      Faith    .   E - +1 large shield of Hospitality {rC+ Dex+4 Stlth+}
rNeg    . . .      Spirit   +   S - quicksilver dragon scales
rPois   .          Reflect  .   K - +2 hat {SInv}
rElec   +          Harm     .   o - scarf {repulsion}
rCorr   .          Rampage  .   U - +2 pair of gloves {Str+3}
Will    +++..      Rage     1%  (boots unavailable)
Stlth   ++........ NoCast   +   r - amulet "Joheif" {-Cast rElec Regen+ Slay+3}
HPRegen 1.20/turn               V - +5 ring of evasion
MPRegen 0.60/turn               J - ring of willpower

@: confused, heroic, slowed, studying 2 skills, repel missiles, very slow
A: hooves 3, iridescent scales 3, (demonic guardian 3), augmentation 2, magic
shield, magic regeneration, magic link, horns 1, berserk 1, cold resistance 1,
deformed body, deterioration 1, dopey 1, fire resistance 1, frail 2, screaming
1, shaggy fur 1, subdued magic 1
}: 3/15 runes: barnacled, silver, gossamer
a: Renounce Religion, Heroism, Finesse, Duel


You were on level 5 of the Realm of Zot.
You worshipped Okawaru.
Okawaru was exalted by your worship.
You visited 11 branches of the dungeon, and saw 53 of its levels.
You visited the Abyss 2 times.
You visited 2 bazaars.
You also visited: Trove, Wizlab and Desolation.

You collected 8061 gold pieces.
You spent 856 gold pieces at shops.

Inventory:

Hand Weapons
 m - a +3 hand crossbow of freezing
 F - the +1 demon trident "Turipime" (weapon) {venom, Contam rC++ MP+9 Dex+4}
   (Okawaru gifted it to you on level 11 of the Dungeon)

   It poisons the flesh of those it strikes.
   Dex:       It affects your dexterity (+4).
   rC:        It greatly protects you from cold.
   MP:        It affects your magic capacity (+9).
   Contam:    It causes magical contamination when unequipped.
 L - the +9 spear of Doir {vorpal, rElec rC+ Stlth+}
   (You found it on level 3 of the Elven Halls)

   It inflicts extra damage upon your enemies.
   rC:        It protects you from cold.
   rElec:     It insulates you from electricity.
   Stlth:     It makes you more stealthy.
 T - the +10 spear of Subjectivity {freeze, rPois rN+ Str-4 Int+5}
   (Okawaru gifted it to you on level 5 of the Vaults)

   It freezes those it strikes, dealing additional cold damage.
   It can also slow down cold-blooded creatures.
   Str:       It affects your strength (-4).
   Int:       It affects your intelligence (+5).
   rPois:     It protects you from poison.
   rN:        It protects you from negative energy.
Missiles
 d - 2070 bolts
Armour
 b - the +1 leather armour "Luolak" {rF+ Will+ rCorr Str-2}
   (You found it on level 2 of the Depths)

   Str:       It affects your strength (-2).
   rF:        It protects you from fire.
   rCorr:     It protects you from acid and corrosion.
   Will:      It increases your willpower.
 o - a scarf of repulsion (worn)
 x - a +0 cloak of willpower
 y - a scarf of cloud immunity
 A - a +4 troll leather armour {Snorg}
 B - a +0 cloak of preservation
 C - a +4 chain mail of poison resistance
 E - the +1 large shield of Hospitality (worn) {rC+ Dex+4 Stlth+}
   (You took it off a deep elf death mage on level 3 of the Elven Halls)

   Dex:       It affects your dexterity (+4).
   rC:        It protects you from cold.
   Stlth:     It makes you more stealthy.
 G - the +1 ring mail of the Volcano {rCorr MP+9 Str+3 SInv}
   (Okawaru gifted it to you on level 4 of the Spider Nest)

   Str:       It affects your strength (+3).
   MP:        It affects your magic capacity (+9).
   SInv:      It lets you see invisible.
   rCorr:     It protects you from acid and corrosion.
 K - a +2 hat of see invisible (worn)
 S - quicksilver dragon scales (worn)
 U - a +2 pair of gloves of strength (worn)
Jewellery
 a - an amulet of reflection
 c - a +4 ring of evasion
 g - the ring "Seqaewk" {+Blink rPois Will+ Int+2}
   (You found it in the Desolation of Salt)

   [ring of obsoleteness]

   Int:       It affects your intelligence (+2).
   rPois:     It protects you from poison.
   +Blink:    It lets you blink.
   Will:      It increases your willpower.
 i - a ring of flight
 k - a ring of positive energy
 p - a ring of resist corrosion
 r - the amulet "Joheif" (around neck) {-Cast rElec Regen+ Slay+3}
   (You found it on level 3 of the Crypt)

   [amulet of regeneration]

   Slay:      It affects your accuracy & damage with ranged weapons and melee
   (+3).
   rElec:     It insulates you from electricity.
   -Cast:     It prevents spellcasting.
   Regen:     It increases your rate of health regeneration.
 u - a ring of protection from fire
 J - a ring of willpower (right hand)
 N - an amulet of faith
 O - a +4 ring of protection
 Q - a ring of positive energy
 V - a +5 ring of evasion (left hand)
 W - the ring of Lilan {rC+ Str+6 Int+5}
   (You took it off a fire giant on level 2 of the Depths)

   [ring of protection from cold]

   Str:       It affects your strength (+6).
   Int:       It affects your intelligence (+5).
   rC:        It protects you from cold.
 Y - an amulet of regeneration
Wands
 e - a wand of digging (5)
Scrolls
 f - a scroll of brand weapon
 j - 3 scrolls of amnesia
 l - 4 scrolls of magic mapping
 n - 14 scrolls of identify
 q - 12 scrolls of enchant weapon
 s - 8 scrolls of enchant armour
 t - 19 scrolls of teleportation
 z - 3 scrolls of fog
 I - 8 scrolls of fear
 X - 6 scrolls of blinking
Potions
 h - a potion of cancellation
 v - 2 potions of berserk rage
 w - 4 potions of haste
 D - 3 potions of might
 H - 16 potions of curing
 M - 4 potions of magic
 P - a potion of ambrosia
 R - 3 potions of invisibility
 Z - a potion of resistance


   Skills:
 + Level 22.5(27) Fighting
 - Level 21.6(26.6) Polearms
 - Level 12.0(17.0) Crossbows
 + Level 23.0(27) Dodging
 - Level 0.8(5.8) Stealth
 - Level 17.3(22.3) Shields
 + Level 11.6 Spellcasting
 - Level 7.3 Invocations
 - Level 8.0 Evocations


You had 42 spell levels left.
You knew the following spells:

 Your Spells              Type           Power      Damage    Failure   Level
b - Swiftness             Air            8%         N/A       47%         3
c - Summon Guardian Gole  Hex/Summ       8%         N/A       47%         3

Your spell library contained the following spells:

 Spells                   Type           Power      Damage    Failure   Level
 Apportation              Tloc           16%        N/A       17%         1
 Beastly Appendage        Tmut           16%        N/A       17%         1
 Corona                   Hex            8%         N/A       17%         1
 Foxfire                  Conj/Fire      32%        2x1d5     17%         1
 Freeze                   Ice            32%        1d5       17%         1
 Magic Dart               Conj           32%        1d4       17%         1
 Pain                     Necr           32%        1d5       17%         1
 Sandblast                Erth           16%        2d6       17%         1
 Slow                     Hex            32%        N/A       17%         1
 Sting                    Tmut/Pois      32%        1d4       17%         1
 Blink                    Tloc           16%        N/A       26%         2
 Corpse Rot               Necr/Air       16%        N/A       26%         2
 Ensorcelled Hibernation  Hex/Ice        16%        N/A       26%         2
 Passwall                 Tmut/Erth      6%         N/A       26%         2
 Poisonous Vapours        Pois/Air       16%        N/A       26%         2
 Scorch                   Fire           16%        2d5       26%         2
 Searing Ray              Conj           16%        2d5       26%         2
 Sublimation of Blood     Necr           8%         N/A       26%         2
 Confusing Touch          Hex            8%         N/A       47%         3
 Conjure Flame            Conj/Fire      8%         6-21      47%         3
 Dazzling Flash           Conj/Hex       16%        N/A       47%         3
 Gell's Gravitas          Tloc           8%         N/A       47%         3
 Ignite Poison            Fire/Tmut/Pois 8%         N/A       47%         3
 Inner Flame              Hex/Fire       8%         N/A       47%         3
 Lesser Beckoning         Tloc           8%         N/A       47%         3
 Mephitic Cloud           Conj/Pois/Air  8%         N/A       47%         3
 Ozocubu's Armour         Ice            8%         N/A       47%         3
 Portal Projectile        Hex/Tloc       16%        N/A       47%         3
 Spider Form              Tmut/Pois      8%         N/A       47%         3
 Stone Arrow              Conj/Erth      16%        3d8       47%         3
 Teleport Other           Tloc           8%         N/A       47%         3
 Airstrike                Air            4%         N/A       88%         4
 Cause Fear               Hex            4%         N/A       88%         4
 Dispel Undead            Necr           8%         3d8       88%         4
 Flame Wave               Conj/Fire      8%         2d5       88%         4
 Fulminant Prism          Conj/Hex       4%         3d6       88%         4
 Hailstorm                Conj/Ice       8%         3d4       88%         4
 Ice Form                 Ice/Tmut       8%         N/A       88%         4
 Iskenderun's Mystic Bla  Conj/Tloc      8%         2d4       88%         4
 Leda's Liquefaction      Hex/Erth       4%         N/A       88%         4
 Olgreb's Toxic Radiance  Pois           8%         N/A       88%         4
 Passage of Golubria      Tloc           8%         N/A       88%         4
 Petrify                  Tmut/Erth      8%         N/A       88%         4
 Agony                    Necr           8%         N/A       99%         5
 Alistair's Intoxication  Tmut/Pois      5%         N/A       99%         5
 Blade Hands              Tmut           4%         N/A       99%         5
 Bolt of Magma            Conj/Fire/Erth 4%         4d5       99%         5
 Borgnjor's Vile Clutch   Necr/Erth      4%         N/A       99%         5
 Excruciating Wounds      Necr           4%         N/A       99%         5
 Fireball                 Conj/Fire      4%         3d4       99%         5
 Freezing Cloud           Conj/Ice/Air   4%         6-21      99%         5
 Irradiate                Conj/Tmut      4%         3d15      99%         5
 Iskenderun's Battlesphe  Conj           8%         2d6       99%         5
 Lee's Rapid Deconstruct  Erth           4%         3d6*      99%         5
 Lightning Bolt           Conj/Air       4%         1d15      99%         5
 Manifold Assault         Tloc           8%         N/A       99%         5
 Metabolic Englaciation   Hex/Ice        4%         N/A       99%         5
 Silence                  Hex/Air        4%         N/A       99%         5
 Yara's Violent Unravell  Hex/Tmut       4%         3d4       99%         5
 Conjure Ball Lightning   Conj/Air       4%         3x3d6     100%        6
 Dispersal                Tloc           4%         N/A       100%        6
 Invisibility             Hex            4%         N/A       100%        6
 Iron Shot                Conj/Erth      4%         9d2       100%        6
 Starburst                Conj/Fire      4%         6d3       100%        6
 Statue Form              Tmut/Erth      5%         N/A       100%        6
 Orb of Destruction       Conj           4%         9d5       100%        7
 Ozocubu's Refrigeration  Ice            4%         4d5       100%        7
 Storm Form               Tmut/Air       4%         N/A       100%        7
 Borgnjor's Revivificati  Necr           4%         N/A       100%        8
 Discord                  Hex            4%         N/A       100%        8
 Disjunction              Tloc           4%         N/A       100%        8
 Ignition                 Fire           4%         3d4       100%        8
 Lehudib's Crystal Spear  Conj/Erth      4%         10d3      100%        8
 Necromutation            Tmut/Necr      4%         N/A       100%        8
 Call Imp                 Summ           Unusable   N/A       N/A         2
 Tukima's Dance           Hex            Unusable   N/A       N/A         3
 Animate Armour           Summ/Erth      Unusable   N/A       N/A         4
 Animate Dead             Necr           Unusable   N/A       N/A         4
 Summon Ice Beast         Ice/Summ       Unusable   N/A       N/A         4
 Summon Lightning Spire   Summ/Air       Unusable   N/A       N/A         4
 Death Channel            Necr           Unusable   N/A       N/A         6
 Simulacrum               Ice/Necr       Unusable   N/A       N/A         6
 Summon Cactus Giant      Summ           Unusable   N/A       N/A         6
 Spellforged Servitor     Conj/Summ      Unusable   N/A       N/A         7
 Infestation              Necr           Unusable   N/A       N/A         8

Dungeon Overview and Level Annotations

Branches:
Dungeon (15/15)            Temple (1/1) D:4            Lair (6/6) D:10
 Shoals (4/4) Lair:3       Spider (4/4) Lair:4        Slime (0/5) Lair:6
    Orc (2/2) D:10            Elf (3/3) Orc:2        Vaults (5/5) D:14
  Crypt (3/3) Vaults:3       Tomb (0/3) Crypt:3      Depths (5/5) D:15
    Zot (5/5) Depths:5     WizLab (visited)

Altars:
Ashenzari
Cheibriados
Dithmenos
Elyvilon
Fedhas
Gozag
Hepliaklqana
Kikubaaqudgha
Makhleb
Nemelex Xobeh
Okawaru
Qazlal
Ru
Sif Muna
Trog
Uskayaw
Vehumet
Wu Jian
Xom
Yredelemnul
Zin
The Shining One
Beogh
Lugonu

Shops:
D:14 [   D:15 :   Orc:2 *x:?   Vaults:1 [[   Vaults:4 *   Vaults:5 (
Depths:4 :

Portals:
Hell: Depths:1 Depths:2 Depths:3 Depths:4 Depths:5
Abyss: Depths:2 Depths:3 Depths:4 Depths:5
Pandemonium: Depths:1 Depths:2 Depths:5
Ziggurat: Depths:2

Annotations:
D:10 exclusion: obsidian statue
Lair:6 exclusion: 4 oklob plants
Crypt:2 Khufu
Zot:3 3 runed translucent doors, Kebianal's ghost, legendary MiBe; Lerari's ghost, legendary DsCj; Natwink's ghost, legendary GrMo; Voqoasirir's ghost, veteran TeAE
Zot:4 Vv


Innate Abilities, Weirdness & Mutations

You have hooves in place of feet.
You are completely covered in iridescent scales. (AC +6)
((A powerful demonic guardian rushes to your aid.))
Your magical and physical power is enhanced at high health.
When hurt, damage is shared between your health and your magic reserves.
You regenerate magic rapidly.
When low on magic, you restore magic in place of health.
You have a pair of small horns on your head.
You tend to lose your temper in combat.
Your flesh is cold resistant. (rC+)
Armour fits poorly on your strangely shaped body.
Your body sometimes deteriorates upon taking damage.
You are dopey. (Int -2)
Your flesh is heat resistant. (rF+)
You are very frail. (-20% HP)
You occasionally shout uncontrollably at your foes.
You are covered in fur. (AC +1)
Your spells are a little easier to cast, but a little less powerful.


Message History

* * * LOW HITPOINT WARNING * * *
The death cob completely misses you.
You miss the death cob. Your kick misses the death cob.
You headbutt the death cob, but do no damage.
The death cob closely misses you. The death cob completely misses you.
The green draconian hits you from afar with a +3 trident!
* * * LOW HITPOINT WARNING * * *
The wandering mushroom completely misses you.
The deathcap releases spores at you but does no damage.
The moth of wrath bites you.
* * * LOW HITPOINT WARNING * * *
The death cob hits you.
* * * LOW HITPOINT WARNING * * *
You hit the curse toe. You kick the curse toe.
You headbutt the curse toe, but do no damage.
The curse toe is severely damaged.
The death cob closely misses you.
The green draconian completely misses you.
You hear a deafening roar!
The moth of wrath barely misses you. The deathcap completely misses you.
The death cob hits you.
* * * LOW HITPOINT WARNING * * *
The death cob drains your vigour!
You feel as though you will be slow longer.
The wandering mushroom misses you.
The green draconian hits you from afar with a +3 trident!!
* * * LOW HITPOINT WARNING * * *
The moth of wrath bites you but does no damage.
You spit the curse toe like a pig!!!
You destroy the curse toe!
Okawaru accepts your kill.
The deathcap disappears in a puff of smoke!
The wandering mushroom disappears in a puff of smoke! x3
The deathcap disappears in a puff of smoke!
The wandering mushroom disappears in a puff of smoke!
The deathcap disappears in a puff of smoke!
The wandering mushroom disappears in a puff of smoke!
The death cob barely misses you. The death cob closely misses you.
The green draconian hits you from afar with a +3 trident!!
You die...

***,,,,****,,,,, *^...* *,,,,,,
*,...***,,,,,, **....,,,,,,,,,
*.....,,,,,,,,,
******#############.....,****,,,,
,,,,,,........§.........,,,,,,,,,
<,,,,,.......<§§§y§.....,,,,,,,,,
,,,,,,........§.@.§.....,,,,,,,,,
**,,*,..#####⌠dz####...#*******,,
**,,,,,,,.....§yD.,****#*******,,
,,,,,,,,............,,,,,,,,,,,,,
,,,,,,,............:..,,,,,,,,,,,
,,,,,,,...8.........^?,,,,,,,,,,,
*******..8<8...#######*****,,,***
*...8....# ***** *,,,,,,,,*


You could see a green draconian (berserk), a death cob, a ghost moth (invisible)
and a moth of wrath.

Vanquished Creatures
  An ancient lich (Vaults:5)
  Mara (Crypt:1)
  Arachne (Spider:4)
  A royal mummy (Crypt:2)
  Sojobo (Crypt:1)
  Rupert (D:15)
  Saint Roka (Crypt:1)
  A curse toe (Zot:5)
  2 deep elf blademasters (Elf:3)
  2 deep elf master archers (Elf:3)
  2 caustic shrikes
  Nikola (Vaults:2)
  Jory (Depths:4)
  A profane servitor (Crypt:3)
  5 golden dragons
  A bone dragon (Crypt:3)
  Gastronok (Lair:1)
  7 tentacled monstrosities
  The ghost of Mafumol the Earth Mage, an adept GrEE of Vehumet (Vaults:3)
  A walking crystal tome (Depths:2)
  5 titans
  The ghost of Jeithrio the Wrestler, an adept TrFi of Wu Jian (Depths:2)
  4 ghost moths
  5 liches
  7 deep elf sorcerers
  3 walking frostbound tomes
  A deep elf elementalist (Elf:3)
  5 emperor scorpions
  An Executioner (Abyss:4)
  9 ancient champions
  5 sphinxes
  5 quicksilver dragons
  10 entropy weavers
  A death cob (Zot:2)
  8 tentacled starspawn
  5 storm dragons
  2 draconian monks
  8 shadow dragons
  14 tengu reavers
  8 deep elf demonologists
  13 spark wasps
  5 revenants
  9 frost giants
  9 fire giants
  13 vault wardens
  4 deep elf annihilators (Elf:3)
  2 halazid warlocks (Desolation)
  Azrael (D:13)
  4 iron dragons
  A cacodemon (Abyss:4)
  3 orc warlords
  3 spectral caustic shrikes (Depths:3)
  A draconian scorcher (WizLab)
  A draconian stormcaller (WizLab)
  Aizul (Depths:1)
  Snorg (Orc:2)
  3 ghouls
  A caustic shrike skeleton (Crypt:3)
  A draconian annihilator (Zot:2)
  11 deep elf death magi
  2 draconian shifters
  A war gargoyle (Vaults:3)
  19 ettins
  3 crystal guardians
  A quicksilver ooze (shapeshifter) (Vaults:1)
  18 ironbound preservers
  6 spriggan defenders
  16 stone giants
  22 very ugly things
  A reaper (Crypt:2)
  A curse skull (Crypt:2)
  10 fire dragons
  5 merfolk javelineers
  8 merfolk impalers
  4 deep elf high priests
  15 vampire knights
  4 ragged hierophants (Desolation)
  A lorocyproca (Depths:1)
  4 green draconians
  7 black draconians
  2 white draconians (Depths:5)
  16 purple draconians
  15 dire elephants
  A red draconian (Zot:2)
  2 yellow draconians
  9 statues (WizLab)
  2 eidola
  4 peacekeepers
  3 servants of whispers (Desolation)
  4 ghost crabs (D:14)
  A catoblepas (Lair:6)
  7 hydras
  10 centaur warriors
  An alligator snapping turtle (Shoals:4)
  4 merfolk avatars
  11 two-headed ogres
  24 jiangshi
  4 ogre magi
  26 dancing weapons
  12 ice dragons
  12 great orbs of eyes
  16 yaktaur captains
  4 merfolk aquamancers
  3 ironbound thunderhulks
  A satyr (Shoals:3)
  38 vault guards
  A caustic shrike simulacrum (Depths:1)
  4 rakshasas
  6 spriggan air magi
  6 orc high priests
  14 ironbound frosthearts
  A boulder beetle (Vaults:1)
  A death knight (Crypt:2)
  13 vampire magi
  14 thrashing horrors
  Sonja (D:11)
  4 deep troll earth magi
  A titan zombie (Crypt:2)
  6 deep troll shamans
  16 deep elf knights
  4 spriggan berserkers
  5 soul eaters
  10 hell knights
  The ghost of tmwh the Basher, a novice GrFi (D:8)
  A sun demon (Depths:2)
  4 tengu warriors
  5 iron trolls
  5 fire crabs (D:14)
  8 wretched stars
  A storm dragon skeleton (Depths:2)
  18 small abominations
  2 sixfirhies
  15 skeletal warriors
  An iron giant zombie (Crypt:1)
  5 unseen horrors
  An anaconda zombie (Crypt:3)
  A bunyip zombie (Crypt:2)
  3 flayed ghosts
  6 sea snakes
  15 ironbound convokers
  22 starcursed masses
  7 glowing orange brains
  2 tengu zombies
  A golden dragon zombie (Depths:1)
  68 deep trolls
  14 wizards
  A golden dragon skeleton (Crypt:3)
  2 bog bodies (Crypt:2)
  6 deep elf archers
  Pikel (D:7)
  2 sphinx zombies
  A kraken simulacrum (Shoals:4)
  19 phantasmal warriors
  6 lindwurms
  10 orc knights
  18 harpies
  15 wolf spiders
  A wolf spider zombie (Crypt:3)
  9 necromancers
  A ghost (Depths:1)
  A harpy (shapeshifter) (Depths:2)
  5 fire giant zombies (Depths:4)
  14 orb spiders
  41 deep elf pyromancers
  2 frost giant zombies (Depths:4)
  A tengu skeleton (Vaults:4)
  A human zombie (Vaults:4)
  6 orc sorcerers
  45 ugly things
  A goliath frog skeleton (Crypt:2)
  4 worldbinders
  11 moths of wrath
  12 manticores
  6 merfolk sirens
  6 cyclopes
  A frost giant skeleton (Crypt:1)
  A stone giant skeleton (Crypt:3)
  A moth of wrath (shapeshifter) (Depths:3)
  3 guardian serpents (Desolation)
  4 black mambas
  3 human skeletons
  3 rust devils
  A fire giant skeleton (Depths:2)
  10 vault sentinels
  2 apocalypse crabs
  2 smoke demons (Abyss:4)
  10 elephants
  5 water nymphs
  3 orange demons
  3 torpor snails
  A gargoyle (D:14)
  2 hellions (Abyss:1)
  A death yak zombie (Crypt:2)
  4 kobold demonologists
  A rime drake (Lair:6)
  10 cane toads
  An efreet (Abyss:4)
  38 yaktaurs
  An alligator snapping turtle skeleton (Crypt:2)
  7 ancient zymes
  12 demonic crawlers
  A yaktaur skeleton (Depths:1)
  2 tormentors
  6 komodo dragons
  17 tengu conjurers
  2 yellow draconian skeletons
  2 ice devils (Abyss:4)
  A hellwing (Abyss:4)
  2 queen bees
  11 freezing wraiths
  2 harpy zombies
  A guardian mummy (Crypt:3)
  31 jumping spiders
  A tengu simulacrum (Abyss:1)
  22 merfolk
  3 meliai (D:14)
  7 trolls
  3 polar bears
  12 hornets
  29 saltlings
  3 wind drakes
  10 raiju
  A blink frog (shapeshifter) (D:13)
  A harpy skeleton (Crypt:2)
  2 slime creatures (shapeshifter) (Vaults:5)
  14 blink frogs
  2 tarantella zombies
  6 snapping turtles
  2 meliai zombies (D:14)
  63 slime creatures
  11 removed hippogriffs
  12 flying skulls
  3 spriggan skeletons
  An air elemental (Elf:3)
  66 redbacks
  6 vampires
  3 wyverns
  A centaur simulacrum (D:14)
  3 spriggans
  38 tarantellas
  A spriggan (shapeshifter) (D:14)
  An alligator skeleton (Crypt:3)
  2 shadows
  6 wraiths
  13 water elementals
  15 large abominations
  A naga simulacrum (Crypt:3)
  An orc simulacrum (Crypt:2)
  37 yaks
  4 ynoxinuls
  2 basilisks
  A removed hungry ghost (D:12)
  2 fire elementals
  4 fire bats
  A basilisk (shapeshifter) (Depths:1)
  6 chaos spawn
  4 neqoxecs (Abyss:4)
  7 vampire mosquitoes (D:14)
  11 wargs
  2 removed soldier ants
  2 harpy simulacra
  A merfolk zombie (Crypt:1)
  A removed soldier ant (shapeshifter) (D:13)
  2 acid dragons
  11 water moccasins
  3 floating eyes
  A demonspawn skeleton (Crypt:2)
  A floating eye (shapeshifter) (Vaults:2)
  10 hell hounds
  3 removed porcupines
  2 ice beasts
  38 orc warriors
  A removed slave (D:7)
  4 sky beasts
  A hornet zombie (D:6)
  3 necrophages
  An orc zombie (Vaults:1)
  2 phantoms
  24 ogres
  A boggart (Vaults:3)
  9 centaurs
  9 wolves
  A boggart (shapeshifter) (Depths:3)
  8 removed crocodiles
  5 kobold brigands
  The ghost of psch the Conjurer, an amateur DECj (D:3)
  An octopode zombie (Crypt:1)
  14 bullfrogs
  4 earth elementals
  A water moccasin zombie (D:6)
  A water moccasin skeleton (D:10)
  A scorpion (D:11)
  12 wights
  A human simulacrum (Vaults:4)
  23 killer bees
  A yak skeleton (Crypt:2)
  4 electric eels
  2 spectral wolves (Depths:4)
  3 crimson imps
  A basilisk zombie (Crypt:3)
  8 bullfrog zombies
  7 centaur zombies
  2 quasits
  33 orc priests
  5 hounds
  A black bear skeleton (Crypt:3)
  3 centaur skeletons
  3 bullfrog skeletons
  2 iron imps
  4 jellies
  25 orc wizards
  An iguana (D:8)
  5 removed worker ants
  2 killer bee zombies
  12 mummies (Crypt:3)
  3 removed worker ant zombies (D:6)
  2 howler monkey zombies (D:6)
  2 howler monkey skeletons
  9 adders
  4 gnolls (D:4)
  10 shadow imps
  2 white imps
  An ufetubus (Abyss:2)
  An endoplasm (D:2)
  2 adder zombies (D:6)
  3 adder skeletons
  A lava snake skeleton (Crypt:1)
  5 worms
  A dart slug (D:1)
  97 orcs
  3 removed leopard geckos
  5 giant cockroaches
  5 goblins
  3 hobgoblins
  23 jackals
  4 quokkas
  A ball python zombie (Crypt:3)
  5 bats
  2 frilled lizards
  A giant cockroach zombie (D:6)
  A jackal skeleton (D:6)
  A jackal zombie (D:6)
  26 kobolds
  3 quokka zombies (D:6)
  2 rats
  A rat skeleton (Crypt:1)
  A spectral orc (D:5)
  2 lurking horrors
  A removed crawling corpse (Elf:1)
2382 creatures vanquished.

Vanquished Creatures (collateral kills)
  Donald (Orc:2)
  3 deep elf sorcerers (Elf:3)
  An orc warlord (Orc:1)
  A dire elephant (Lair:6)
  A halazid warlock (Desolation)
  A deep elf annihilator (Elf:3)
  A deep elf death mage (Elf:3)
  Harold (D:12)
  2 hydras (Lair:6)
  3 two-headed ogres
  A merfolk aquamancer (Shoals:4)
  A satyr (Shoals:4)
  2 dancing weapons (Elf:2)
  An orc high priest (Orc:2)
  A sea snake (Shoals:4)
  A deep elf archer (Elf:3)
  An ironbound convoker (Desolation)
  A necromancer (Depths:1)
  An orc knight (Orc:2)
  3 orb spiders
  9 deep elf pyromancers
  3 ugly things (D:14)
  4 manticores
  A cyclops (D:14)
  3 elephants
  The ghost of loom the Ruffian, a novice TrMo (D:5)
  2 black mambas
  A water nymph (Shoals:4)
  2 guardian serpents (Desolation)
  2 cane toads (Lair:6)
  A torpor snail (Spider:1)
  2 rime drakes
  2 komodo dragons (Lair:4)
  5 merfolk
  2 polar bears (Lair:6)
  A jumping spider (Spider:1)
  A wind drake (Shoals:4)
  8 saltlings
  4 removed hippogriffs
  A hornet (D:8)
  2 slime creatures (D:13)
  6 blink frogs
  5 dream sheep (Lair:6)
  An air elemental (Elf:1)
  2 redbacks (Spider:4)
  3 water elementals
  19 yaks
  A warg (Orc:1)
  Edmund (D:5)
  A removed soldier ant (D:8)
  2 water moccasins (Lair:6)
  10 orc warriors
  A black bear (D:6)
  A removed slave (D:7)
  A phantom (D:4)
  4 wolves
  4 ogres
  3 centaurs
  A wight (D:9)
  A howler monkey (D:6)
  2 crimson imps
  6 orc priests
  A hound (D:13)
  7 orc wizards
  2 iguanas
  A worm (D:8)
  9 orcs
  A giant cockroach (D:4)
  A removed leopard gecko zombie (D:6)
182 creatures vanquished.

Vanquished Creatures (others)
  A lich (Depths:2)
  A ghost moth (Spider:4)
  An ice dragon (Depths:5)
  A satyr (Shoals:2)
  A dancing weapon (Elf:1)
  A deep elf archer (Elf:3)
  A deep elf pyromancer (Elf:1)
  A fire giant zombie (Depths:1)
  A worldbinder (Abyss:4)
  A cyclops (Shoals:4)
  3 small abominations
  2 centaurs
  A human (D:10)
  A removed crocodile (Lair:3)
  A quasit (Abyss:1)
  An orc (Vaults:5)
  2 kobolds (Abyss:4)
  19 bushes
  10 fungi
  2 lurking horrors
  20 plants
  20 starspawn tentacles (Abyss:4)
  4 tentacles (Shoals:4)
  2 withered plants (Zot:3)
98 creatures vanquished.

Grand Total: 2662 creatures vanquished

Notes
Turn   | Place    | Note
-------+----------+-------------------------------------------
     0 | D:1      | Impy the Demonspawn Hunter began the quest for the Orb.
     0 | D:1      | Reached XP level 1. HP: 16/16 MP: 1/1
    59 | D:1      | Reached skill level 2 in Dodging
   141 | D:1      | Gained mutation: You have large cloven feet. [demonic
                  | ancestry]
   141 | D:1      | Reached XP level 2. HP: 19/22 MP: 2/2
   337 | D:1      | Gained mutation: When hurt, damage is shared between your
                  | health and your magic reserves. [demonic ancestry]
   337 | D:1      | Reached XP level 3. HP: 15/27 MP: 3/3
  1030 | D:2      | Found a sparkling altar of Nemelex Xobeh.
  1143 | D:2      | Found a white marble altar of Elyvilon.
  1221 | D:2      | Found a shimmering altar of Xom.
  1268 | D:2      | Found a radiant altar of Vehumet.
  1438 | D:2      | Found an ornate altar of the Wu Jian Council.
  1439 | D:2      | Reached skill level 3 in Dodging
  1737 | D:3      | Gained mutation: A weak demonic guardian rushes to your
                  | aid. [demonic ancestry]
  1737 | D:3      | Reached XP level 4. HP: 30/33 MP: 4/4
  1753 | D:3      | Noticed psch's ghost (amateur DECj)
  1766 | D:3      | Killed psch's ghost
  2078 | D:3      | Gained mutation: A demonic guardian rushes to your aid.
                  | [demonic ancestry]
  2078 | D:3      | Reached XP level 5. HP: 38/38 MP: 5/5
  2613 | D:4      | Reached skill level 5 in Crossbows
  2769 | D:4      | Noticed an ogre
  2776 | D:4      | Killed an ogre
  2776 | D:4      | Reached skill level 4 in Dodging
  2778 | D:4      | Gained mutation: You have hoof-like feet. [demonic
                  | ancestry]
  2778 | D:4      | Reached XP level 6. HP: 44/44 MP: 6/6
  3428 | D:4      | Found a staircase to the Ecumenical Temple.
  3434 | Temple   | Entered the Ecumenical Temple
  3582 | D:5      | Entered Level 5 of the Dungeon
  3598 | D:5      | Gained mutation: You have hidden genetic potential. [potion
                  | of mutation]
  3598 | D:5      | Gained mutation: You have a pair of small horns on your
                  | head. [potion of mutation]
  3598 | D:5      | Gained mutation: You are clumsy. (Dex -2) [potion of
                  | mutation]
  3598 | D:5      | Gained mutation: You have great hidden genetic potential.
                  | [potion of mutation]
  3620 | D:5      | Noticed loom's ghost (novice TrMo)
  3865 | D:5      | Noticed Edmund
  3869 | D:5      | Killed Edmund
  3869 | D:5      | Reached skill level 5 in Dodging
  3869 | D:5      | Reached XP level 7. HP: 50/50 MP: 7/7
  3994 | D:5      | Found a deep blue altar of Sif Muna.
  4049 | D:5      | Found an opulent altar of Gozag.
  4153 | D:5      | Killed loom's ghost
  4249 | D:5      | Found a basalt altar of Yredelemnul.
  4339 | D:6      | Reached skill level 6 in Dodging
  4605 | D:6      | Gained mutation: You are partially covered in iridescent
                  | scales. (AC +2) [demonic ancestry]
  4605 | D:6      | Reached XP level 8. HP: 55/56 MP: 8/8
  4943 | D:6      | Reached skill level 1 in Polearms
  4965 | D:6      | Lost mutation: You are clumsy. (Dex -2) [evolution]
  5294 | D:6      | Reached skill level 7 in Dodging
  5373 | D:6      | Found a hide-covered altar of Uskayaw.
  5855 | D:7      | Noticed a hippogriff
  5870 | D:7      | Killed a hippogriff
  5875 | D:7      | Gained mutation: You are mostly covered in iridescent
                  | scales. (AC +4) [demonic ancestry]
  5875 | D:7      | Reached XP level 9. HP: 53/65 MP: 9/9
  5993 | D:7      | Noticed Pikel
  6000 | D:7      | Killed Pikel
  6000 | D:7      | Reached skill level 5 in Fighting
  6173 | D:7      | Found a burning altar of Makhleb.
  6286 | D:7      | Reached skill level 8 in Dodging
  6453 | D:8      | Noticed a two-headed ogre
  6456 | D:8      | Noticed tmwh's ghost (novice GrFi)
  6810 | D:8      | Killed tmwh's ghost
  6810 | D:8      | Reached skill level 5 in Polearms
  6970 | D:8      | Found a glowing golden altar of the Shining One.
  7224 | D:8      | Reached XP level 10. HP: 40/77 MP: 10/10
  7318 | D:8      | Killed a two-headed ogre
  7365 | D:8      | Paralysed by a hornet for 2 turns
  7377 | D:8      | Reached skill level 9 in Dodging
  7886 | D:8      | Gained mutation: You have a pair of horns on your head.
                  | [evolution]
  7956 | D:9      | Noticed a two-headed ogre
  7966 | D:9      | Killed a two-headed ogre
  8417 | D:9      | Found an iron altar of Okawaru.
  8423 | D:9      | Became a worshipper of Warmaster Okawaru
  8691 | D:9      | Found a flagged portal.
  9103 | D:9      | Killed an unseen horror
  9177 | D:10     | Entered Level 10 of the Dungeon
  9245 | D:10     | Reached XP level 11. HP: 86/87 MP: 11/11
  9316 | D:10     | Noticed a two-headed ogre
  9328 | D:10     | Killed a two-headed ogre
  9328 | D:10     | Reached * piety under Okawaru
  9328 | D:10     | Reached skill level 10 in Dodging
  9428 | D:10     | Found a staircase to the Orcish Mines.
  9465 | D:10     | Noticed an obsidian statue
  9486 | D:10     | Reached ** piety under Okawaru
  9515 | D:10     | Found a staircase to the Lair.
  9531 | D:10     | Found an ancient bone altar of Kikubaaqudgha.
  9532 | D:10     | Noticed a two-headed ogre
  9544 | D:10     | Killed a two-headed ogre
 10061 | Lair:1   | Entered Level 1 of the Lair of Beasts
 10363 | Lair:1   | Reached *** piety under Okawaru
 10382 | Lair:1   | Noticed Gastronok
 10408 | Lair:1   | Killed Gastronok
 10440 | Lair:1   | Reached **** piety under Okawaru
 10783 | Lair:1   | Reached skill level 10 in Fighting
 11133 | Lair:2   | Reached skill level 11 in Dodging
 11364 | Lair:2   | Gained mutation: You regenerate magic rapidly. [demonic
                  | ancestry]
 11364 | Lair:2   | Reached XP level 12. HP: 72/97 MP: 10/12
 11439 | Lair:2   | Reached ***** piety under Okawaru
 12446 | Lair:3   | Received a gift from Okawaru
 12897 | Lair:3   | Gained mutation: You are covered in fur. (AC +1)
                  | [evolution]
 12920 | Lair:3   | Found a staircase to the Shoals.
 13140 | Lair:3   | You fall through a shaft for 3 floors!
 13140 | Lair:6   | Entered Level 6 of the Lair of Beasts
 13209 | Lair:6   | Noticed a catoblepas
 13219 | Lair:6   | Received a gift from Okawaru
 13219 | Lair:6   | Reached skill level 10 in Polearms
 13221 | Lair:6   | Reached skill level 1 in Invocations
 13256 | Lair:6   | Killed a catoblepas
 13262 | Lair:6   | Received a gift from Okawaru
 13384 | Lair:6   | Reached skill level 12 in Dodging
 13397 | Lair:6   | Reached ****** piety under Okawaru
 13434 | Lair:6   | Received a gift from Okawaru
 13512 | Lair:6   | Noticed a six-headed hydra
 13518 | Lair:6   | Killed a six-headed hydra
 13573 | Lair:6   | Reached skill level 5 in Invocations
 13609 | Lair:6   | Reached XP level 13. HP: 49/106 MP: 17/17
 13707 | Lair:6   | Noticed a dire elephant
 13716 | Lair:6   | Killed a dire elephant
 13754 | Lair:6   | Found a staircase to the Slime Pits.
 14118 | Lair:6   | Lost mutation: You have great hidden genetic potential.
                  | [evolution]
 14445 | Lair:6   | Got a shimmering long sword
 14803 | Lair:5   | Identified the cursed +0 long sword of Kismet {slice, -Tele
                  | Str+4} (You found it on level 6 of the Lair of Beasts)
 14839 | Lair:5   | Reached skill level 1 in Spellcasting
 14848 | Lair:5   | Received a gift from Okawaru
 14853 | Lair:5   | Got a faintly glowing plate armour {god gift}
 15290 | Lair:5   | Identified the +5 plate armour of the Barnacle {Int+4
                  | Stlth-} (Okawaru gifted it to you on level 5 of the Lair of
                  | Beasts)
 16043 | Lair:4   | Reached skill level 13 in Dodging
 16071 | Lair:4   | Learned a level 7 spell: Summon Butterflies
 16321 | Lair:4   | Found a hole to the Spider Nest.
 16388 | Lair:4   | Got a smoking rapier
 16389 | Lair:4   | Identified the +2 rapier of Luxury {elec, rN+} (You found
                  | it on level 4 of the Lair of Beasts)
 16753 | Lair:3   | Upgraded the game from 0.22-a0-441-gcf5b0c64b7 to
                  | 0.22-a0-443-g17c3723931
 16838 | Orc:1    | Entered Level 1 of the Orcish Mines
 17351 | Orc:1    | Noticed an orc warlord
 17387 | Orc:1    | Killed an orc warlord
 17387 | Orc:1    | Gained mutation: You have hooves in place of feet. [demonic
                  | ancestry]
 17387 | Orc:1    | Reached XP level 14. HP: 109/113 MP: 20/20
 17397 | Orc:1    | Received a gift from Okawaru
 17558 | Orc:1    | Found a roughly hewn altar of Beogh.
 17636 | Orc:2    | Entered Level 2 of the Orcish Mines
 18003 | Orc:2    | Reached skill level 5 in Spellcasting
 18463 | Orc:2    | Noticed Donald
 18497 | Orc:2    | Killed Donald
 18499 | Orc:2    | Noticed Snorg
 18522 | Orc:2    | Killed Snorg
 18616 | Orc:2    | Found a staircase to the Elven Halls.
 18692 | Orc:2    | Found Zoyng's Food Emporium.
 18692 | Orc:2    | Found Toiniste's Magic Scroll Shoppe.
 18693 | Orc:2    | Found Gufeox's Book Shoppe.
 18696 | Orc:2    | Found Musotada's General Store.
 18704 | Orc:2    | Bought a scroll of identify for 28 gold pieces
 18704 | Orc:2    | Bought a scroll of fog for 28 gold pieces
 18704 | Orc:2    | Bought a scroll of identify for 28 gold pieces
 19134 | D:11     | Found a shimmering altar of Xom.
 19371 | D:11     | Received a gift from Okawaru
 19398 | D:11     | Got a steaming demon trident {god gift}
 19399 | D:11     | Identified the +1 demon trident "Turipime" {venom, *Contam
                  | rC++ MP+9 Dex+4} (Okawaru gifted it to you on level 11 of
                  | the Dungeon)
 19520 | D:11     | Reached skill level 1 in Shields
 19593 | D:11     | Noticed Sonja
 19876 | D:11     | Killed Sonja
 20678 | D:12     | Noticed Harold
 20695 | D:12     | Killed Harold
 20906 | D:13     | Received a gift from Okawaru
 20998 | D:13     | Noticed Azrael
 21024 | D:13     | Killed Azrael
 21133 | D:13     | Received a gift from Okawaru
 21314 | D:13     | Reached skill level 5 in Shields
 21479 | D:13     | Gained mutation: Your flesh is heat resistant. (rF+)
                  | [evolution]
 21768 | D:14     | Found a runed door.
 21890 | D:14     | Reached XP level 15. HP: 98/118 MP: 24/24
 22046 | D:14     | Received a gift from Okawaru
 22238 | D:14     | Found a gate to the Vaults.
 22343 | D:14     | Found Liycwuh's Armour Shop.
 23191 | D:15     | Entered Level 15 of the Dungeon
 23219 | D:15     | Found Weamihel's Book Emporium.
 23317 | D:15     | Found a shimmering altar of Xom.
 23367 | D:15     | Received a gift from Okawaru
 23770 | D:15     | Found a blossoming altar of Fedhas.
 23953 | D:15     | Noticed Rupert
 23989 | D:15     | Killed Rupert
 23998 | D:15     | Reached skill level 10 in Shields
 24017 | D:15     | Received a gift from Okawaru
 24034 | D:15     | Found a staircase to the Depths.
 24126 | Depths:1 | Entered Level 1 of the Depths
 24164 | Depths:1 | Noticed a fire giant
 24521 | Elf:1    | Entered Level 1 of the Elven Halls
 24833 | Elf:1    | Gained mutation: Your magical and physical power is
                  | slightly enhanced at high health. [demonic ancestry]
 24833 | Elf:1    | Reached XP level 16. HP: 112/125 MP: 25/25
 24964 | Elf:1    | Received a gift from Okawaru
 24998 | Elf:1    | Got a crude shield
 24999 | Elf:1    | Identified the cursed +0 shield of the Special Emperors
                  | {Dex+2} (You found it on level 1 of the Elven Halls)
 25794 | Elf:2    | Received a gift from Okawaru
 25851 | Elf:2    | Found a ruined gateway.
 25855 | Desolati | Entered the Desolation of Salt
 25969 | Desolati | Upgraded the game from 0.22-a0-443-g17c3723931 to
                  | 0.22-a0-565-gfc6459a524
 26113 | Desolati | Got a coiled steel ring
 26172 | Desolati | Got a crude lead ring
 26176 | Desolati | Got a faintly glowing jade ring
 26179 | Desolati | Identified Keongomaf's Papyrus of Virous Heat
 26184 | Desolati | Learned a level 3 spell: Swiftness
 26649 | Desolati | Received a gift from Okawaru
 26823 | Desolati | Identified Sif Muna's Volume of Displacement and Curses
 26829 | Desolati | Learned a level 3 spell: Summon Guardian Golem
 27380 | Elf:2    | Received a gift from Okawaru
 27556 | Elf:2    | Found a runed gate.
 27561 | Elf:2    | Found a runed gate.
 27562 | Elf:2    | Found a runed gate.
 27628 | Elf:2    | Reached XP level 17. HP: 131/135 MP: 26/26
 27886 | Elf:2    | Reached skill level 10 in Crossbows
 28116 | Elf:2    | Upgraded the game from 0.22-a0-565-gfc6459a524 to
                  | 0.23-a0-386-g9c9d49f623
 28118 | Elf:3    | Entered Level 3 of the Elven Halls
 28263 | Elf:3    | Upgraded the game from 0.23-a0-386-g9c9d49f623 to
                  | 0.24-a0-312-g16217b4a02
 28441 | Elf:3    | Noticed a deep elf master archer
 28455 | Elf:3    | Killed a deep elf master archer
 28476 | Elf:3    | Noticed a deep elf blademaster
 28497 | Elf:3    | Killed a deep elf blademaster
 28497 | Elf:3    | Received a gift from Okawaru
 28508 | Elf:3    | Received a gift from Okawaru
 28538 | Elf:3    | Received a gift from Okawaru
 28621 | Elf:3    | Identified the +9 quarterstaff "Ahaamy" {crush, *Slow Int+2
                  | SInv}
 28636 | Elf:3    | Got a fine quick blade
 28637 | Elf:3    | Noticed a deep elf blademaster
 28643 | Elf:3    | Received a gift from Okawaru
 28666 | Elf:3    | Killed a deep elf blademaster
 28683 | Elf:3    | Noticed a Hell Sentinel
 28696 | Elf:3    | Lost mutation: You have a pair of horns on your head.
                  | [evolution]
 28710 | Elf:3    | Identified the Collected Works on Changing and Conjuration
 28741 | Elf:3    | Identified the +1 large shield of Hospitality {rC+ Dex+4
                  | Stlth+}
 28766 | Elf:3    | Identified the ring "Seqaewk" {+Blink rPois MR+ Int+2
                  | Stlth-} (You found it in the Desolation of Salt)
 28767 | Elf:3    | Identified the ring of Huuwobror {Ice MP+9} (You found it
                  | in the Desolation of Salt)
 28778 | Elf:3    | Got an iridescent spear
 28792 | Elf:3    | Noticed a deep elf master archer
 28803 | Elf:3    | Reached skill level 15 in Shields
 28809 | Elf:3    | Killed a deep elf master archer
 28923 | Elf:3    | Gained mutation: You are completely covered in iridescent
                  | scales. (AC +6) [demonic ancestry]
 28923 | Elf:3    | Reached XP level 18. HP: 141/141 MP: 27/27
 28942 | Elf:3    | Identified the +9 spear of Doir {pierce, rElec rC+ Stlth+}
                  | (You found it on level 3 of the Elven Halls)
 28994 | Elf:3    | Gained mutation: You are frail. (-10% HP) [mutagenic glow]
 29258 | Elf:3    | Identified the ring of Generosity {Ice +Blink Str-3 Int+3
                  | SInv} (You found it in the Desolation of Salt)
 29498 | Spider:1 | Entered Level 1 of the Spider Nest
 29573 | Spider:1 | Received a gift from Okawaru
 29700 | Spider:1 | Identified the +10 quick blade "Ybroiw Zosin" {pierce,
                  | Dex+5 SInv} (You found it on level 3 of the Elven Halls)
 29740 | Spider:1 | Received a gift from Okawaru
 29827 | Spider:1 | Reached skill level 14 in Dodging
 30153 | Spider:1 | You fall through a shaft!
 30462 | Spider:2 | Identified a scroll of acquirement
 30666 | Spider:2 | You fall through a shaft!
 30751 | Spider:3 | Received a gift from Okawaru
 31395 | Spider:4 | Entered Level 4 of the Spider Nest
 31533 | Spider:4 | Noticed Arachne
 31551 | Spider:4 | Killed Arachne
 32070 | Spider:4 | Received a gift from Okawaru
 32122 | Spider:4 | Got a translucent ring mail {god gift}
 32123 | Spider:4 | Identified the +1 ring mail of the Volcano {rCorr MP+9
                  | Str+3 SInv} (Okawaru gifted it to you on level 4 of the
                  | Spider Nest)
 32133 | Spider:4 | Got a gossamer rune of Zot
 32467 | Spider:4 | Reached skill level 15 in Dodging
 32536 | Spider:4 | Gained mutation: You are dopey. (Int -2) [evolution]
 32683 | Spider:3 | Reached XP level 19. HP: 97/132 MP: 31/31
 32853 | Shoals:1 | Entered Level 1 of the Shoals
 33001 | Shoals:1 | Reached skill level 1 in Evocations
 33094 | Shoals:1 | Upgraded the game from 0.24-a0-312-g16217b4a02 to
                  | 0.24-a0-346-ge062c78e24
 33828 | Shoals:3 | Received a gift from Okawaru
 33868 | Shoals:3 | Reached skill level 5 in Evocations
 33988 | Shoals:4 | Entered Level 4 of the Shoals
 34056 | Shoals:4 | Found a flickering gateway to a bazaar.
 34061 | Bazaar   | Entered a bazaar
 34062 | Bazaar   | Found Wisirch's Antique Armour Shoppe.
 34069 | Bazaar   | Found Osyss's Assorted Antiques.
 34073 | Bazaar   | Found Xozety's Jewellery Emporium.
 34077 | Bazaar   | Bought a scroll of identify for 68 gold pieces
 34083 | Bazaar   | Found Tuuscheul's Antique Weapon Emporium.
 34139 | Bazaar   | Bought a faintly glowing leather armour for 112 gold pieces
 34139 | Bazaar   | Bought a shadowed robe for 91 gold pieces
 34140 | Bazaar   | Identified the +1 leather armour of the Eternal Void {rF+}
                  | (You bought it in a shop in a bazaar)
 34141 | Bazaar   | Identified the +0 robe of the Vestibule of Hell {Str+5
                  | Int+2} (You bought it in a shop in a bazaar)
 34180 | Bazaar   | Bought a scroll of teleportation for 102 gold pieces
 34291 | Shoals:4 | Received a gift from Okawaru
 34614 | Shoals:4 | Received a gift from Okawaru
 34631 | Shoals:4 | Got an ichor-stained scale mail {god gift}
 34632 | Shoals:4 | Identified the +5 scale mail of Spite {+Inv rN++ Int+2
                  | Dex-3} (Okawaru gifted it to you on level 4 of the Shoals)
 34939 | Shoals:4 | Got a barnacled rune of Zot
 35053 | Shoals:4 | Found the +5 demon whip "Spellbinder" {antimagic, MR+}
 35065 | Shoals:4 | Upgraded the game from 0.24-a0-346-ge062c78e24 to
                  | 0.28-a0-1038-g9c4cb8273d
 35659 | Vaults:1 | Entered Level 1 of the Vaults
 36490 | Vaults:1 | Found Kylloq's Armour Shop.
 36605 | Vaults:1 | Reached skill level 16 in Dodging
 36839 | Vaults:1 | Found Makaonnea's Armour Shop.
 36887 | Vaults:1 | Received a gift from Okawaru
 36932 | Vaults:1 | Reached XP level 20. HP: 138/140 MP: 33/33
 37041 | Vaults:1 | Reached skill level 15 in Polearms
 37686 | Vaults:2 | Found a gateway to a bazaar.
 37693 | Bazaar   | Entered a bazaar
 37704 | Bazaar   | Found Beanke's Antique Armour Emporium.
 37729 | Bazaar   | Found Vidoat's Distillery.
 37733 | Bazaar   | Found Dubeq's Weapon Shop.
 37737 | Bazaar   | Bought 2 potions of heal wounds for 140 gold pieces
 37737 | Bazaar   | Bought a potion of curing for 42 gold pieces
 37737 | Bazaar   | Found Onug's Magic Scroll Shop.
 37846 | Bazaar   | Bought an ancient leather armour for 154 gold pieces
 37846 | Bazaar   | Identified the +0 leather armour of Roluil {rF+ MP+9 Dex+7}
                  | (You bought it in a shop in a bazaar)
 37926 | Vaults:2 | Noticed Nikola
 37951 | Vaults:2 | Gained mutation: Your spells are a little easier to cast,
                  | but a little less powerful. [mutagenic glow]
 37958 | Vaults:2 | Killed Nikola
 38550 | Vaults:2 | Cast into level 2 of the Abyss (a wizard)
 38636 | Vaults:2 | Escaped the Abyss
 39310 | Vaults:3 | Identified the +0 buckler of the Sparrow {Str+2} (Okawaru
                  | gifted it to you on level 3 of the Vaults)
 39310 | Vaults:3 | Received a gift from Okawaru
 39357 | Vaults:3 | Noticed Mafumol's ghost (adept GrEE)
 39358 | Vaults:3 | Found a transporter.
 39361 | Vaults:3 | Found a transporter.
 39431 | Vaults:3 | Gained mutation: Your flesh is cold resistant. (rC+)
                  | [hidden potential]
 39631 | Vaults:3 | Reached skill level 17 in Dodging
 39989 | Vaults:3 | Found a staircase to the Crypt.
 40372 | Vaults:3 | Reached skill level 15 in Fighting
 40722 | Vaults:3 | Identified the +3 halberd "Xana" {vorpal, Str+4}
 41005 | Vaults:3 | Killed Mafumol's ghost
 41006 | Vaults:3 | Reached XP level 21. HP: 90/151 MP: 27/34
 41044 | Vaults:3 | Identified the +0 hat of Jyorercha {Dex+5}
 41309 | Vaults:4 | Received a gift from Okawaru
 41781 | Vaults:4 | Received a gift from Okawaru
 41986 | Vaults:4 | Received a gift from Okawaru
 42208 | Vaults:4 | Received a gift from Okawaru
 42345 | Vaults:4 | Found Ossix's General Store.
 42353 | Vaults:4 | Bought a potion of curing for 63 gold pieces
 42959 | Vaults:5 | Entered Level 5 of the Vaults
 43013 | Vaults:4 | Reached skill level 18 in Dodging
 43062 | Vaults:4 | Lost mutation: You are dopey. (Int -2) [hidden potential]
 43062 | Vaults:4 | Lost mutation: You have hidden genetic potential. [hidden
                  | potential expressed]
 43474 | Vaults:5 | Found the necklace of Bloodlust {*Rage Will++ Int-3 Slay+6}
 43495 | Vaults:5 | Got a silver rune of Zot
 43631 | Vaults:5 | Received a gift from Okawaru
 43707 | Vaults:5 | Received a gift from Okawaru
 43863 | Vaults:5 | Received a gift from Okawaru
 44009 | Vaults:5 | Noticed an ancient lich
 44041 | Vaults:5 | Killed an ancient lich
 44083 | Vaults:5 | Gained mutation: A powerful demonic guardian rushes to your
                  | aid. [demonic ancestry]
 44083 | Vaults:5 | Reached XP level 22. HP: 160/162 MP: 35/35
 44099 | Vaults:5 | Found Anitudud's Antique Weapon Shop.
 44624 | Vaults:5 | Received a gift from Okawaru
 44784 | Vaults:5 | Noticed a golden dragon
 44811 | Vaults:5 | Received a gift from Okawaru
 44821 | Vaults:5 | Killed a golden dragon
 45434 | Vaults:5 | Identified the +10 spear of Subjectivity {freeze, rPois rN+
                  | Str-4 Int+5} (Okawaru gifted it to you on level 5 of the
                  | Vaults)
 45434 | Vaults:5 | Received a gift from Okawaru
 45460 | Vaults:5 | Identified the +4 dagger of Discomfort {freeze, rPois rF+}
 45463 | Vaults:5 | Identified the +2 robe "Fisintismi" {rElec}
 45518 | Vaults:5 | Identified the +4 hand axe "Undertaker" {drain, rF++}
 45537 | Vaults:5 | Identified the +4 kite shield "Vuenk" {rN+ rCorr Int-5
                  | Dex+6}
 45538 | Vaults:5 | Identified the +1 plate armour "Sap Tuf" {Str+2}
 45657 | Crypt:1  | Entered Level 1 of the Crypt
 45670 | Crypt:1  | Paralysed by something for 4 turns
 45770 | Crypt:1  | Noticed Mara
 45772 | Crypt:1  | Noticed Impy's illusion
 45812 | Crypt:1  | Killed Mara
 45813 | Crypt:1  | Reached skill level 19 in Dodging
 45846 | Crypt:1  | Gained mutation: Your body sometimes deteriorates upon
                  | taking damage. [mutagenic glow]
 46148 | Crypt:1  | Noticed Sojobo
 46176 | Crypt:1  | Killed Sojobo
 46234 | Crypt:1  | Gained mutation: You have hidden genetic defects.
                  | [mutagenic glow]
 46274 | Crypt:1  | Noticed Saint Roka
 46321 | Crypt:1  | Killed Saint Roka
 46441 | Crypt:2  | Noticed Khufu
 46441 | Crypt:2  | Noticed a royal mummy
 46683 | Crypt:2  | Received a gift from Okawaru
 46819 | Crypt:2  | Killed a royal mummy
 47448 | Crypt:2  | Gained mutation: Armour fits poorly on your strangely
                  | shaped body. [hidden defects]
 47896 | Crypt:3  | Entered Level 3 of the Crypt
 47930 | Crypt:3  | Paralysed by a vampire knight for 5 turns
 48787 | Crypt:3  | Reached XP level 23. HP: 171/171 MP: 36/36
 48817 | Crypt:3  | Gained mutation: You are very frail. (-20% HP) [hidden
                  | defects]
 48817 | Crypt:3  | Lost mutation: You have hidden genetic defects. [hidden
                  | defects expressed]
 49099 | Crypt:3  | Received a gift from Okawaru
 49501 | Crypt:3  | Found an ancient bone altar of Kikubaaqudgha.
 49505 | Crypt:3  | Found a basalt altar of Yredelemnul.
 49533 | Crypt:3  | Identified the ring of the Devil's Advocate {rElec rF- rN+
                  | Int+7}
 49533 | Crypt:3  | Identified the amulet "Joheif" {-Cast rElec Regen+ Slay+3}
 49549 | Crypt:3  | Got the Handbook of Darkness
 49550 | Crypt:3  | Identified the +3 flail "Noebupt" {vorpal, rElec Will-
                  | Int+4}
 49765 | Crypt:3  | Found a staircase to the Tomb.
 50125 | D:15     | Reached skill level 20 in Dodging
 50446 | Depths:1 | Noticed Aizul
 50471 | Depths:1 | Killed Aizul
 50504 | Depths:1 | Paralysed by an orc sorcerer for 4 turns
 50589 | Depths:1 | Identified the +0 ring mail of Bapisam {Will- Regen+ Str+4}
 50591 | Depths:1 | Identified the +1 hand axe of Elau {speed, Int+2 Stlth+}
 50928 | Depths:1 | Found a gateway to Hell.
 51064 | Depths:1 | Received a gift from Okawaru
 51209 | Depths:1 | Found a portal to a secret trove of treasure.
 51700 | Depths:1 | You paid a toll of +3 storm dragon scales to enter a
                  | treasure trove
 51701 | Trove    | Entered a treasure trove
 51749 | Trove    | Got Esosiatt's Papyrus of Transformation
 51861 | Depths:1 | Found a one-way gate leading to the halls of Pandemonium.
 52067 | Depths:2 | Found a gateway to a ziggurat.
 52067 | Depths:2 | Noticed an ancient lich
 52117 | Depths:2 | Found a runed translucent gate.
 52125 | Depths:2 | Found a runed translucent gate.
 52126 | Depths:2 | Found a runed translucent gate.
 52128 | Depths:2 | Noticed Jeithrio's ghost (adept TrFi)
 52130 | Depths:2 | Noticed a caustic shrike
 52385 | Depths:2 | Found a one-way gate to the infinite horrors of the Abyss.
 52888 | Depths:2 | Gained mutation: When low on magic, you restore magic in
                  | place of health. [demonic ancestry]
 52888 | Depths:2 | Reached XP level 24. HP: 159/162 MP: 36/36
 52894 | Depths:2 | Identified the +1 leather armour "Luolak" {rF+ Will+ rCorr
                  | Str-2}
 52909 | Depths:2 | Paralysed by a floating eye for 3 turns
 53023 | Depths:2 | Identified the ring of Lilan {rC+ Str+6 Int+5}
 53093 | Depths:2 | Identified the +9 whip "Yklor" {venom, Stlth+}
 53501 | Depths:2 | Killed Jeithrio's ghost
 53660 | Depths:3 | Reached skill level 21 in Dodging
 53822 | Depths:3 | Identified the +1 robe of the Mackerel {rN+ Str+3 Stlth+}
                  | (Okawaru gifted it to you on level 3 of the Depths)
 53822 | Depths:3 | Received a gift from Okawaru
 53974 | Depths:3 | Paralysed by a vampire knight for 5 turns
 53988 | Depths:3 | Paralysed by a vampire knight for 3 turns
 55367 | Depths:4 | Found a magical portal.
 55376 | WizLab   | Entered Iskenderun's Mystic Tower
 56119 | WizLab   | Got Iskenderun's Disquisition on Arcane Weapons
 56141 | WizLab   | Got the Volume of the Shifting Arsonist
 56255 | Depths:4 | Identified the +2 pair of gloves of Aciuteh {rElec rCorr
                  | Str-5 Dex-5} (Okawaru gifted it to you on level 4 of the
                  | Depths)
 56255 | Depths:4 | Received a gift from Okawaru
 56348 | Depths:4 | Paralysed by a floating eye for 3 turns
 56381 | Depths:4 | Found Todoukekh's Book Boutique.
 56834 | Depths:4 | Found a gate to the Realm of Zot.
 57378 | Depths:4 | Found an ancient bone altar of Kikubaaqudgha.
 57502 | Depths:4 | Noticed Jory
 57522 | Depths:4 | Gained mutation: Your magical and physical power is
                  | enhanced at high health. [demonic ancestry]
 57522 | Depths:4 | Reached XP level 25. HP: 150/165 MP: 36/36
 57570 | Depths:4 | Killed Jory
 57727 | Depths:5 | Entered Level 5 of the Depths
 57829 | Depths:5 | Reached skill level 22 in Dodging
 58010 | Depths:5 | Found a gate to the Realm of Zot.
 58642 | Depths:5 | Found a corrupted altar of Lugonu.
 58814 | Depths:5 | Found an iron altar of Okawaru.
 59192 | Depths:5 | Voluntarily entered the Abyss.
 59233 | Abyss:1  | Received a gift from Okawaru
 59587 | Abyss:1  | Reached skill level 10 in Spellcasting
 59670 | Abyss:2  | Found a corrupted altar of Lugonu.
 59969 | Abyss:4  | Found a corrupted altar of Lugonu.
 60380 | Abyss:4  | Paralysed by accursed screaming for 1 turns
 60437 | Abyss:4  | Received a gift from Okawaru
 60554 | Abyss:4  | Paralysed by accursed screaming for 1 turns
 60564 | Abyss:4  | Paralysed by accursed screaming for 1 turns
 60579 | Abyss:4  | Gained mutation: You occasionally shout uncontrollably at
                  | your foes. [a cacodemon]
 60710 | Abyss:4  | Gained mutation: You are dopey. (Int -2) [a neqoxec]
 61049 | Abyss:4  | Gained mutation: You have an uncontrollable temper. [a
                  | neqoxec]
 61100 | Depths:5 | Escaped the Abyss
 61146 | Depths:5 | Upgraded the game from 0.28-a0-1038-g9c4cb8273d to
                  | 0.29-a0-184-g2ef5e920f0
 61203 | Zot:1    | Entered Level 1 of the Realm of Zot
 61684 | Zot:2    | Identified the +5 plate armour of Articulation {Str+3}
                  | (Okawaru gifted it to you on level 2 of the Realm of Zot)
 61684 | Zot:2    | Received a gift from Okawaru
 61826 | Zot:3    | Found a runed translucent gate.
 61827 | Zot:3    | Found a runed translucent gate.
 61832 | Zot:3    | Found a runed translucent gate.
 61833 | Zot:3    | Noticed Voqoasirir's ghost (veteran TeAE)
 61834 | Zot:3    | Noticed Kebianal's ghost (legendary MiBe)
 61834 | Zot:3    | Noticed Lerari's ghost (legendary DsCj)
 61834 | Zot:3    | Noticed Natwink's ghost (legendary GrMo)
 61932 | Zot:4    | Reached skill level 23 in Dodging
 62189 | Zot:4    | Noticed Vv
 62227 | Zot:4    | Reached XP level 26. HP: 139/180 MP: 38/38
 62230 | Zot:5    | Entered Level 5 of the Realm of Zot
 62248 | Zot:5    | HP: 8/180 [green draconian (16)]
 62249 | Zot:5    | Mangled by a green draconian

Illustrated notes

Levels and vault maps discovered:
D:1:      dpeg_arrival_tiny_c
D:2:      old_standard_altar, vehumet_crystals, lemuel_crystal_altar,
          overflow_temple_1_default, lemuel_round_altar, grunt_decor_arrowhead
D:3:      first_ration
D:4:      minmay_temple_entry_enclosed_plants
D:5:      overflow_temple_1_default, yredelemnul_forgotten_temple_becter,
          grunt_gozag_breadcrumbs, uniq_edmund
D:6:      nicolae_overflow_crystal_walls, serial_undead, serial_undead_f,
          serial_undead_a, serial_undead_a, serial_undead_b, serial_undead_b,
          serial_undead_d, serial_undead_a, serial_undead_b, serial_undead_a,
          serial_undead_a, kennysheep_generic_room_16
D:7:      makhleb_heckhound_becter, uniq_pikel
D:8:      cheibrodos_barr_body, nicolae_overflow_hidden_temple, st_stairs_13,
          minmay_misc_feat_encased, hangedman_pestilent_swarm
D:9:      okawaru_metal_pillars_3, enter_bailey_8
D:10:     kennysheep_blocky_hall, minivault_22, minivault_15,
          mrwooster_statue_mirror, tgw_kikubaaqudgha
D:11:     basic_altar, minmay_misc_feat_more_columns, small_statue_intersection,
          uniq_sonja
D:12:     uniq_harold
D:13:     uniq_azrael
D:14:     gammafunk_mikee_crab_dinner, erik_vaults_1, special_room,
          serial_shops, shop, minmay_stone_trees_small
D:15:     hangedman_depths_entry_civil_slaughter, basic_altar, serial_shops,
          shop, minivault_24, fedhas_bush_and_centaur_altar, uniq_rupert
Temple:   minmay_freezing_vapour_temple
Lair:1:   uniq_gastronok
Lair:2:   wad_woods_river_01, grunt_megastairs_5, lemuel_fruit_fields
Lair:3:   minmay_shoals_entry_centaurs
Lair:4:   nicolae_spider_entry_orb_guardian, minivault_26, st_stairs_10,
          grunt_forest_large_clearing_hut
Lair:6:   gammafunk_lair_ancient_temple, minmay_slime_entry_oklob_open,
          lab_entry_generic
Shoals:1: layout_shoals, nicolae_shoals_drake_roost, uniq_josephine
Shoals:2: layout_shoals, abandoned_shop
Shoals:3: layout_shoals
Shoals:4: shoals_end_grunt_ice, layout_shoals, serial_shops, bzr_entry_road
Spider:1: layout_spider_delve, drop_trap, hangedman_spider_tarantella_strand
Spider:2: layout_spider_delve
Spider:3: layout_spider_delve, hangedman_spider_mandibles, hive_lemuel
Spider:4: spider_rune_water, uniq_arachne
Orc:1:    minmay_orc_temple_c
Orc:2:    st_orc_mages, mines2_lemuel, uniq_snorg, uniq_donald
Elf:1:    minmay_elf_arrival_plus, kennysheep_underground_church,
          minmay_strange_pillars
Elf:2:    portal_desolation_entry_salt
Elf:3:    grunt_elf_hall_spiral
Vaults:1: v_misc_29, v_misc_25, v_misc_8, dpeg_vaults_monster_row, v_misc_18,
          nicolae_vaults_asterisk, hangedman_vaults_stagger,
          nicolae_vaults_alarming, nicolae_vaults_mini_display_case,
          ontoclasm_vaults_gateway, vaults_dpeg_diagonal,
          layout_vaults_big_room, serial_shops, shop, shop
Vaults:2: v_misc_27, grunt_vaults_trifunnel, nicolae_vaults_three_branches,
          nicolae_vaults_stairing_the_circle,
          vaults_standard_mumra_enter_the_diamond,
          ontoclasm_vaults_decontamination, v_misc_5, layout_vaults_omnigrid,
          serial_shops, bzr_entry_water, uniq_nikola
Vaults:3: gammafunk_ghost_arena, v_misc_29, v_rooms_5, grunt_vaults_funnel,
          vaults_room_fancy_cross, v_misc_4, minmay_crypt_entry_vampire_xt,
          v_pattern_4, ontoclasm_vaults_ligature, v_alt_pattern_3,
          nicolae_vaults_shelves_hall, vaults_room_semicircle,
          layout_vaults_maze_bifur
Vaults:4: nicolae_vaults_yaktaur_gun_rack, v_misc_9, hangedman_vaults_stream,
          nicolae_vaults_puzzle_piece, v_misc_2, v_misc_5, v_alt_pattern_3,
          grunt_vaults_hallway_long, nicolae_vaults_circle_grid_b,
          ontoclasm_vaults_hangar, nicolae_vaults_little_squares_4,
          vaults_mumra_chevron_long, vaults_room_pools, layout_vaults_omnibox,
          serial_shops, shop
Vaults:5
Crypt:1:  layout_rooms, feat_on_display, uniq_saint_roka, uniq_sojobo, uniq_mara
Crypt:2:  layout_gridlike, grunt_megastairs_4, uniq_khufu
Crypt:3:  lightli_unholy_cathedral, layout_chaotic_city,
          nicolae_tomb_entry_unfolded_pyramid_orthogonal
Depths:1: minmay_misc_feat_plants, hell_entry, rand_demon_pan_entry_9,
          enter_trove_5, minmay_orc_keep, uniq_aizul
Depths:2: minmay_heptahexagon, layout_gridville, enter_ziggurat_c,
          pf_coc_iceberg, abyss_entry_small_statue_room, gammafunk_ghost_split,
          minmay_misc_feat_rows, rand_demon_pan_entry_5,
          minmay_misc_feat_nine_boxes, serial_bayou_shore_b,
          infiniplex_staircase_zigzag_1
Depths:3: nicolae_legendary_halls, layout_gridlike, pf_hell_entry_tar_river,
          abyss_entry_crystal, minislime_mu
Depths:4: lemuel_vampire_tower, layout_gridlike, dk_noncrumbling_3,
          serial_shops, shop, abyss_entry, mu_enter_wizlab_3, hell_entry,
          infiniplex_staircase_split_hallway, uniq_jory
Depths:5: grunt_zot_entry_gee_three, layout_gridlike, lemuel_tele_altar,
          hell_entry, pan_entry, abyss_entry_flame_altar, grunt_megastairs_2,
          serial_bayou_shore_b
Zot:1:    regret_index_qazlal_generations, layout_gridlike
Zot:2:    grunt_twist_and_shout, layout_cathedral_of_symmetry
Zot:3:    gammafunk_dig_for_victory, layout_basic, gammafunk_ghost_cemetery,
          lemuel_lake_of_fire
Zot:4:    layout_concentric_octagons, uniq_vv, uniq_josephina
Zot:5:    layout_misc_corridors, st_stairs_14, grunt_ministairs_14

Skill      XL: |  1  2  3  4  5  6  7  8  9 10 11 12 13 14 15 16 17 18 19 20 21 22 23 24 25 |
---------------+----------------------------------------------------------------------------+-----
Dodging        | 2 3 4 5 6 7 8 9 11 12 13 15 16 17 18 19 20 21 23 | 23.0
Crossbows      | 4 5 6 7 9 11 12 | 12.0
Polearms       | 3 5 7 9 10 12 13 14 16 17 18 20 21 | 21.6
Fighting       | 4 6 8 10 11 12 13 15 16 18 19 21 22 | 22.5
Invocations    | 5 7 |  7.3
Spellcasting   | 4 6 8 9 11 | 11.6
Shields        | 6 10 12 15 16 17 | 17.3
Evocations     | 8 |  8.0
Stealth        | |  0.8

Action                   |  1- 3 |  4- 6 |  7- 9 | 10-12 | 13-15 | 16-18 | 19-21 | 22-24 | 25-27 || total
-------------------------+-------+-------+-------+-------+-------+-------+-------+-------+-------++-------
Melee: Short sword       |   137 |    30 |       |       |       |       |       |       |       ||   167
       Kick              |    31 |    32 |    90 |   209 |   598 |   655 |  1387 |  1920 |   630 ||  5552
       Dagger            |       |    71 |    88 |       |       |       |       |       |       ||   159
       Headbutt          |       |       |    62 |   126 |   327 |   435 |   847 |  1200 |   369 ||  3366
       Trident           |       |       |   299 |   767 |   994 |       |       |       |       ||  2060
       Touch             |       |       |       |     1 |     3 |     2 |       |       |       ||     6
       Demon trident     |       |       |       |       |   946 |   955 |  2029 |  3483 |  1177 ||  8590
       Spear             |       |       |       |       |       |  1078 |   950 |    93 |       ||  2121
 Fire: Hand crossbow     |     6 |    35 |    33 |    20 |       |    20 |       |       |       ||   114
       Triple crossbow   |       |       |       |       |    36 |       |       |       |       ||    36
 Cast: Summon Butterflie |       |       |       |       |     5 |     3 |       |       |       ||     8
       Swiftness         |       |       |       |       |       |     1 |       |       |       ||     1
       Summon Guardian G |       |       |       |       |       |     1 |       |       |       ||     1
Invok: Heroism           |       |       |       |     7 |    16 |    21 |    19 |    25 |     5 ||    93
       Finesse           |       |       |       |       |    10 |    14 |       |     1 |     1 ||    26
 Abil: No ability        |       |       |       |       |       |       |     2 |       |       ||     2
Evoke: Wand              |       |       |       |     2 |       |     1 |       |       |     1 ||     4
  Use: Scroll            |    10 |     4 |     5 |     4 |    16 |    16 |    14 |     6 |     3 ||    78
       Potion            |       |     7 |     9 |     4 |     7 |     8 |     8 |     3 |     2 ||    48
 Stab: Distracted        |       |       |     2 |     9 |    11 |    11 |     2 |     8 |     7 ||    50
       Sleeping          |       |       |     3 |       |     3 |     7 |    24 |    16 |     2 ||    55
       Petrified         |       |       |       |     2 |       |       |       |       |       ||     2
  Eat: Removed food      |     1 |     2 |     2 |     2 |     7 |     6 |     2 |       |       ||    22
       Removed food      |     1 |       |     3 |    14 |    16 |     7 |     2 |       |       ||    43
Armor: Leather armour    |    48 |    26 |   116 |    96 |       |       |       |       |       ||   286
       Skin              |       |       |    71 |       |       |       |       |       |       ||    71
       Troll leather arm |       |       |       |    58 |   306 |   161 |   207 |   199 |       ||   931
       Quicksilver drago |       |       |       |       |       |       |     4 |    43 |    92 ||   139
Dodge: Dodged            |   106 |    89 |   252 |   473 |   986 |   757 |  1179 |  1649 |   671 ||  6162
       Repelled          |       |       |       |       |       |       |    16 |    24 |    21 ||    61
Block: Other             |       |       |       |       |    43 |     1 |       |       |       ||    44
       Buckler           |       |       |       |       |   150 |   170 |       |       |       ||   320
       Reflection        |       |       |       |       |    10 |    14 |   122 |    39 |       ||   185
       Tower shield      |       |       |       |       |       |   863 |  2843 |  3323 |  1073 ||  8102

Table legend: (Time is in decaauts)
 A = Elapsed time spent in this place.
 B = Non-inter-level travel time spent in this place.
 C = Inter-level travel time spent in this place.
 D = Time resting spent in this place.
 E = Time spent auto-exploring this place.
 F = Levels seen in this place.
 G = Mean time per level.
                   A        B        C        D        E       F      G
               +--------+--------+--------+--------+--------+-----+--------+
         Total |  58553 |  55049 |   3504 |   5342 |  28032 |  63 |  929.4 |
       Dungeon |  15853 |  14771 |   1082 |   2909 |   7081 |  15 | 1056.9 |
        Temple |      5 |      5 |      0 |      0 |      0 |   1 |    5.0 |
          Lair |   6940 |   6451 |    489 |   1158 |   3561 |   6 | 1156.7 |
        Shoals |   2012 |   1865 |    147 |    323 |    219 |   4 |  503.0 |
   Spider Nest |   2779 |   2646 |    133 |      0 |   1484 |   4 |  694.8 |
  Orcish Mines |   2218 |   1920 |    298 |    220 |    907 |   2 | 1109.0 |
   Elven Halls |   3339 |   3184 |    155 |    415 |   1366 |   3 | 1113.0 |
        Vaults |   9273 |   8535 |    738 |      0 |   5450 |   5 | 1854.6 |
         Crypt |   3817 |   3643 |    174 |      0 |   2086 |   3 | 1272.3 |
        Depths |   7355 |   7071 |    284 |      0 |   4296 |   5 | 1471.0 |
           Zot |   1034 |   1034 |      0 |      0 |    654 |   5 |  206.8 |
         Abyss |   1845 |   1845 |      0 |      0 |    352 |   5 |  369.0 |
        Bazaar |    315 |    315 |      0 |      0 |    108 |   2 |  157.5 |
         Trove |     58 |     58 |      0 |      0 |     47 |   1 |   58.0 |
        Wizlab |    738 |    738 |      0 |      0 |    375 |   1 |  738.0 |
    Desolation |    964 |    964 |      0 |    315 |     43 |   1 |  964.0 |
               +--------+--------+--------+--------+--------+-----+--------+

Top non-repeatable levels by time:
Vaults:3: 2157 daAuts
Vaults:4: 2040 daAuts
Vaults:5: 2027 daAuts
Depths:3: 1629 daAuts
 Crypt:2: 1623 daAuts
Vaults:2: 1561 daAuts
Depths:4: 1548 daAuts
Depths:5: 1490 daAuts
Vaults:1: 1487 daAuts
 Crypt:3: 1481 daAuts
Depths:2: 1422 daAuts
Depths:1: 1219 daAuts
 Abyss:4: 1055 daAuts
  WizLab: 738 daAuts
 Crypt:1: 712 daAuts
Note: time per level data comes from an upgraded game and may be incomplete.
